 Dungeon Crawl Stone Soup version 0.20-a0-268-gb6bde61 (webtiles) character file.

113 Demogavin the Shooter (level 4, -2/33 HPs)
             Began as a High Elf Wanderer on Dec 2, 2016.
             Slain by an ogre
             ... wielding a +0 giant club
              (6 damage)
             ... on level 6 of the Dungeon on Dec 6, 2016.
             The game lasted 00:11:08 (2020 turns).

Demogavin the Shooter (High Elf Wanderer)           Turns: 2020, Time: 00:11:08

Health: -2/33      AC:  8    Str: 10    XL:     4   Next: 65%
Magic:  5/5        EV: 10    Int: 15    God:
Gold:   94         SH:  0    Dex: 17    Spells: 3/3 levels left

rFire  . . .     SeeInvis .     a - +3 shortbow
rCold  . . .     Gourm    .     d - +0 ring mail
rNeg   . . .     Faith    .     (shield currently unavailable)
rPois  .         Spirit   .     (no helmet)
rElec  .         Reflect  .     (no cloak)
rCorr  .         Harm     .     e - +0 pair of gloves
MR     .....                    (no boots)
Stlth  +.........               (no amulet)
                                (no ring)
                                g - +2 ring of protection

@: exhausted
A: no striking features
a: no special abilities


You were on level 6 of the Dungeon.
You were very full.

You visited 1 branch of the dungeon, and saw 6 of its levels.

You collected 94 gold pieces.

Inventory:

Hand Weapons
 a - a +3 shortbow (weapon)
Missiles
 b - 44 arrows (quivered)
Armour
 d - a +0 ring mail (worn)
 e - a +0 pair of gloves (worn)
Jewellery
 g - a +2 ring of protection (left hand)
Scrolls
 c - a scroll of magic mapping {unknown}
 f - 2 scrolls of remove curse
Potions
 j - a potion of degeneration {unknown}
 k - a potion of invisibility {unknown}
 l - a potion of heal wounds {unknown}
 m - 2 potions of curing


   Skills:
 - Level 4.0 Fighting
 * Level 6.0 Bows
 - Level 1.0 Armour
 * Level 1.4 Dodging
 * Level 1.1 Stealth
   Level 1.7 Shields


You had 3 spell levels left.
You didn't know any spells.

Dungeon Overview and Level Annotations

Branches:
Dungeon (6/15)
 Temple: D:4-7

Altars:
The Shining One


Message History

* * * LOW HITPOINT WARNING * * *
The leopard gecko barely misses you.
A wight comes into view. It is wielding a hand axe of freezing.
Welcome back, Demogavin the High Elf Wanderer.
Press ? for a list of commands and other information.
The leopard gecko barely misses you. The adder zombie closely misses you.
The ogre barely misses you.
There is an open door here.
The leopard gecko closely misses you.
The leopard gecko bites you but does no damage.
The leopard gecko barely misses you. The leopard gecko bites you.
* * * LOW HITPOINT WARNING * * *
Okay, then.
Okay, then.
The leopard gecko closely misses you.
You feel yourself speed up.
The ice beast hits you but does no damage.
The ogre hits you with a giant club.
You die...

#...... #.....########
#....zz......# #.....#......#
#.....#Z.....# #.....#5.....#
#.....#.z....#
##.....#.OYl###...## .>#
#...5.####@#.......###..###
#.....#.....#.#.#.#.......(
#.....'...................
#.....#....#(#.#.#.#.....
#.?...####.............#
......#'##...#.#.#.#.#.#.#####
......#....Y..................
......#.....#.#.#.#.#.#.#.....
....[ #.......................


You could see an ice beast, an ogre, 2 wights, a crimson imp, an adder zombie
and a leopard gecko.

Vanquished Creatures
  A worker ant (D:4)
  A mummy (D:6)
  2 adders
  A gnoll (D:1)
  2 oozes
  An adder skeleton (D:6)
  A worm (D:2)
  3 ball pythons
  4 giant cockroaches
  A goblin (D:2)
  5 hobgoblins
  A quokka (D:6)
  4 bats
  5 kobolds
  3 kobold zombies (D:6)
  An orc zombie (D:6)
  4 rats
40 creatures vanquished.

Notes
Turn   | Place    | Note
-------+----------+-------------------------------------------
     0 | D:1      | Demogavin the High Elf Wanderer began the quest for the Orb.
     0 | D:1      | Demogavin set off with: a +2 shortbow, 27 arrows, a scroll of teleportation, a +0 ring mail, a bread ration
     0 | D:1      | Reached XP level 1. HP: 17/17 MP: 2/2
   381 | D:1      | Upgraded the game from 0.20-a0-259-gc929cd2 to 0.20-a0-266-gdedccd6
   384 | D:1      | Found a glowing golden altar of the Shining One.
   432 | D:1      | Reached skill level 3 in Bows
   547 | D:1      | Reached XP level 2. HP: 18/22 MP: 3/3
   630 | D:1      | Reached skill level 1 in Dodging
   913 | D:1      | Reached skill level 4 in Bows
  1057 | D:1      | Reached XP level 3. HP: 27/27 MP: 4/4
  1370 | D:3      | Reached skill level 5 in Bows
  1601 | D:4      | Reached XP level 4. HP: 29/33 MP: 5/5
  1689 | D:5      | Entered Level 5 of the Dungeon
  1882 | D:6      | Reached skill level 6 in Bows
  1920 | D:6      | Upgraded the game from 0.20-a0-266-gdedccd6 to 0.20-a0-268-gb6bde61
  1927 | D:6      | Noticed an ice beast
  2011 | D:6      | Noticed an ogre
  2020 | D:6      | Slain by an ogre

Vault maps used:
D:1:      dpeg_arrival_solitude, tso_metal_star
D:2:      first_bread, okawaru_metal_pillars_1_2
D:4:      serial_shops, shop, cheibriados_altar_wand_db, uniq_pikel
D:5:      minmay_overflow_temple_star_quad, hangedman_minor_gate_pass
D:6:      grunt_gozag_statues, hex_medium, minmay_mini_ossuary

Skill      XL: |  1  2  3  4 |
---------------+-------------+-----
Bows           | 3 4 5 6 |  6.0
Dodging        | 1 |  1.4
Fighting       | |  4.0
Armour         | |  1.0
Stealth        | |  1.1
Shields        | |  1.7

Action                   |  1- 3 |  4- 6 || total
-------------------------+-------+-------++-------
Melee: Unarmed           |    20 |       ||    20
       Shortbow          |     2 |       ||     2
 Fire: Shortbow          |    71 |    23 ||    94
  Use: Scroll            |     5 |     3 ||     8
       Potion            |     1 |     3 ||     4
  Eat: Meat ration       |     1 |       ||     1
       Bread ration      |     1 |       ||     1
Armor: Ring mail         |    40 |    11 ||    51
Dodge: Dodged            |    33 |    25 ||    58
